cohdb
Replays
Latest Replays
All Replays
Popular Replays
Top Player Replays
Match Explorer
How It Works
Community
CoH3 Stats
Reddit
Sign in to upload your games and track your stats! →
Sign in with Steam
Match 46265679
Unlisted
Match 46265679
Overview
Messages
Build Orders
End
Pioneer Squad
Construct Infanterie Kompanie
Grenadier Squad
Selects Breakthrough Battlegroup
Selects Assault Grenadiers
Grenadier Squad
Grenadier Squad
Construct Luftwaffe Kompanie
Medical Station
Jäger Squad
221 Scout Car
Selects Breakthrough
Selects Rapid Production
Selects Mechanized Assault Group
Jarl
Skeng.Tecnica.International
0
0
Comments
sign in to comment!
No comments posted yet!